 Dungeon Crawl Stone Soup version 0.18.1-8-gdd0e5ea (webtiles) character file.

25 juanjsm the Insei (level 3, -6/23 HPs)
             Began as an Octopode Transmuter on June 8, 2016.
             Killed by divine providence
             ... invoked by an orc priest
              (16 damage)
             ... on level 3 of the Dungeon.
             The game lasted 00:03:19 (734 turns).

juanjsm the Insei (Octopode Transmuter)              Turns: 734, Time: 00:03:20

Health: -6/23      AC:  1    Str:  9    XL:     3   Next: 4%
Magic:  6/6        EV: 12    Int: 16    God:
Gold:   53         SH:  0    Dex: 12    Spells: 2 memorised, 2 levels left

rFire  . . .     SeeInvis .       - Unarmed
rCold  . . .     Gourm    .     (no shield)
rNeg   . . .     Faith    .     (helmet restricted)
rPois  .         Spirit   .     (no amulet)
rElec  .         Dismiss  .     (no ring)
rCorr  .         Reflect  .     (no ring)
SustAt .         Harm     .     (no ring)
MR     .....                    (no ring)
Stlth  +++.......               (no ring)
                                (no ring)
                                (no ring)
                                (no ring)

@: not resistant to hostile enchantments, fairly stealthy
A: almost no armour, amphibious, 8 rings, constrict 8, camouflage 1, gelatinous
body 1
a: no special abilities


You were on level 3 of the Dungeon.
You were not hungry.

You visited 1 branch of the dungeon, and saw 3 of its levels.

You collected 53 gold pieces.

Inventory:

Missiles
 a - 12 arrows
 e - 31 poisoned needles
Scrolls
 d - a scroll of teleportation {unknown}
 k - a scroll of remove curse {unknown}
Potions
 h - a potion of brilliance {unknown}
 i - a potion of ambrosia {unknown}
 j - a potion of might {unknown}
 l - a potion of cancellation {unknown}
Books
 b - a book of Changes

   Spells                             Type                      Level
   a - Beastly Appendage              Transmutation                1
   b - Sticks to Snakes               Transmutation                2
   c - Spider Form                    Transmutation/Poison         3
   d - Ice Form                       Ice/Transmutation            4
   e - Blade Hands                    Transmutation                5
Comestibles
 c - 3 bread rations
 f - 2 meat rations


   Skills:
 - Level 1.0 Fighting
 - Level 2.0 Dodging
 + Level 0.8 Stealth
 - Level 3.6 Unarmed Combat
 - Level 2.3 Spellcasting
 * Level 2.1 Transmutations


You had 2 spell levels left.
You knew the following spells:

 Your Spells              Type           Power        Failure   Level  Hunger
a - Beastly Appendage     Trmt           #.....       10%         1    #......
b - Spider Form           Trmt/Pois      #.........   38%         3    ###....


Dungeon Overview and Level Annotations

Branches:
Dungeon (3/15)

Altars:
Xom


Innate Abilities, Weirdness & Mutations

You cannot wear most types of armour.
You are amphibious.
You can wear up to eight rings at the same time.
You can use your tentacles to constrict eight enemies at once.
Your skin changes colour to match your surroundings (Stealth).
Your rubbery body absorbs attacks (AC +1).


Message History

The orc shouts!
All of the chunks of flesh in your inventory have rotted away.
The orc priest shouts!
The orc hits you with a hand axe of freezing.
The orc freezes you.
The orc priest miscasts a cantrip.
You see here 16 poisoned needles.
e - 31 poisoned needles (gained 16)
The orc misses you.
The orc priest mumbles some strange prayers to Beogh against you.
Beogh smites you!
You hear a shout!
The orc shouts!
The orc priest casts a cantrip, but nothing happens.
The orc barely misses you. The orc completely misses you.
The orc priest invokes the aid of Beogh against you.
Beogh smites you!
Ouch! That really hurt!
You die...

.......oo##......#
#........##.o#...#
#.......o##.#_#o.#
#........##..#...#
#........##.....o#
####.........###o#
########### #o#
#.# #@# ........#
#########


You could see an orc priest and 3 orcs.

Vanquished Creatures
  An ooze (D:1)
  A giant gecko (D:2)
  An orc (D:3)
  3 hobgoblins (D:1)
  3 jackals (D:3)
  2 kobolds
  2 bats (D:1)
  2 goblins (D:1)
  2 rats
17 creatures vanquished.

Notes
Turn   | Place    | Note
--------------------------------------------------------------
     0 | D:1      | juanjsm the Octopode Transmuter began the quest for the Orb.
     0 | D:1      | Reached XP level 1. HP: 13/13 MP: 3/3
   162 | D:1      | Reached XP level 2. HP: 14/18 MP: 3/5
   493 | D:3      | Reached XP level 3. HP: 10/23 MP: 4/6
   510 | D:3      | Learned a level 3 spell: Spider Form
   528 | D:3      | Found a shimmering altar of Xom.
   721 | D:3      | Found a faded altar to an unknown god.
   734 | D:3      | Killed from afar by an orc priest

Action                   || total
-------------------------++-------
Melee: Unarmed           ||    40
       Tentacles         ||     9
       Kick              ||     7
       Constrict         ||    12
 Cast: Beastly Appendage ||     8
 Stab: Sleeping          ||     2
Armor: Skin              ||     3
Dodge: Dodged            ||    28
